 Dungeon Crawl Stone Soup version 0.30-a0-918-g0ff054e9dc (webtiles) character file.

Game seed: 7684029522038978497

18056 lunkers the Exorcist (level 13, -42/112 HPs)
             Began as a Meteoran Fighter on Mar 20, 2023.
             Was an Elder of the Shining One.
             Annihilated by a cane toad (52 damage)
             ... on level 5 of the Lair of Beasts.
             The game lasted 00:26:27 (5909 turns).

lunkers the Exorcist (Meteoran Fighter)             Turns: 5909, Time: 00:26:28

Health: -42/112    AC: 20    Str: 18    XL:     13   Next: 20%
Magic:  22/22      EV:  2    Int: 10    God:    the Shining One [****..]
Gold:   855        SH:  0    Dex: 19    Spells: 12/12 levels left

rFire   + + .      SeeInvis .    a - +5 long sword (freeze)
rCold   . . .      Faith    .    c - +0 buckler
rNeg    + + .      Spirit   .    f - +2 fire dragon scales
rPois   .          Reflect  .    t - +2 helmet
rElec   .          Rampage  .    (no cloak)
rCorr   .                        w - +0 pair of gloves
Will    +....                    Q - +0 pair of boots {Fly} Stlth
                                 (no amulet)
HPRegen 0.38/turn                h - +5 ring of evasion
MPRegen 0.18/turn                g - ring of protection from cold

@: divinely shielded, about to teleport, sleeping, flying, glowing
A: sense surroundings 2, otherworldly, glowing, explore regen
a: Renounce Religion, Divine Shield, Cleansing Flame


You were on level 5 of the Lair of Beasts.
You worshipped the Shining One.
The Shining One was greatly pleased with you.
You visited 2 branches of the dungeon, and saw 13 of its levels.
You also visited: Ossuary, Bailey and Gauntlet.

You collected 855 gold pieces.

Inventory:

Hand Weapons
 a - a +5 long sword of freezing (weapon)
 b - a +3 long sword of protection
 z - a +1 long sword of flaming
 E - a +2 dagger of protection
 G - a +2 long sword of freezing
Missiles
 n - 7 curare-tipped darts
 P - 4 throwing nets
Armour
 c - a +0 buckler (worn)
 f - +2 fire dragon scales (worn)
 t - a +2 helmet (worn)
 w - a +0 pair of gloves (worn)
 x - +0 ice dragon scales
 A - +1 swamp dragon scales
 Q - a +0 pair of boots of flying (worn)
Jewellery
 g - a ring of protection from cold (right hand)
 h - a +5 ring of evasion (left hand)
 i - a ring of protection from fire
 m - a +6 ring of dexterity
 q - the amulet of the Hero {Faith Will+ Dex+3}
   (You found it in a Gauntlet)

   [amulet of faith]

   It allows you to gain divine favour quickly.
   Dex:       It affects your dexterity (+3).
   Will:      It increases your willpower.
 M - a ring of see invisible
Wands
 p - a wand of mindburst (7)
 y - a wand of iceblast (8)
 J - a wand of paralysis (8)
 K - a wand of acid (6)
 S - a wand of polymorph (2)
Scrolls
 e - 2 scrolls of teleportation
 s - 3 scrolls of immolation
 v - 2 scrolls of enchant weapon
 I - a scroll of enchant armour
 O - a scroll of blinking
 R - 2 scrolls of fog
Potions
 d - 8 potions of curing
 j - a potion of ambrosia
 k - 6 potions of magic
 l - 3 potions of attraction
 o - 8 potions of mutation
 r - 4 potions of haste
 u - 4 potions of heal wounds
 B - a potion of cancellation
 C - 3 potions of resistance
 D - 2 potions of lignification
 F - a potion of invisibility {unknown}
 H - 4 potions of brilliance
 L - a potion of flight {unknown}
 N - a potion of degeneration {unknown}
 T - a potion of might


   Skills:
 + Level 9.7 Fighting
 - Level 9.7(11.2) Short Blades
 - Level 10.0(12.0) Long Blades
 + Level 10.6 Armour
 + Level 9.9 Dodging
 - Level 3.6 Shields
 + Level 10.7 Invocations


You had 12 spell levels left.
You didn't know any spells.
Your spell library contained the following spells:

 Spells                   Type           Power      Damage    Failure   Level
 Apportation              Tloc           0%         N/A       83%         1
 Magic Dart               Conj           0%         1d3       83%         1
 Sting                    Tmut/Pois      0%         1d3       83%         1
 Poisonous Vapours        Pois/Air       0%         N/A       93%         2
 Searing Ray              Conj           0%         2d4       93%         2
 Portal Projectile        Hex/Tloc       0%         N/A       99%         3
 Tukima's Dance           Hex            0%         N/A       99%         3
 Fulminant Prism          Conj/Hex       0%         3d5       100%        4
 Olgreb's Toxic Radiance  Pois           0%         N/A       100%        4
 Alistair's Intoxication  Tmut/Pois      0%         N/A       100%        5
 Blade Hands              Tmut           0%         N/A       100%        5


Dungeon Overview and Level Annotations

Branches:
Dungeon (8/15) Zot: 1186     Lair (5/5) D:8 Zot: 1900  Shoals (0/4) Lair:2
  Snake (0/4) Lair:3        Slime (0/5) Lair:4      Ossuary (visited)
 Bailey (visited)         Gauntlet (visited)
 Temple: D:4-7

Altars:
Zin
The Shining One

Shops:
D:4 [*

Annotations:
Lair:5 exclusion: oklob plant


Innate Abilities, Weirdness & Mutations

You passively map the area around you.
You are easily found by Zot.
You glow in the dark.
You regain HP and MP as you explore.


Message History

You slash the dream sheep! You freeze the dream sheep.
You kill the dream sheep!
You block the dream sheep's attack.
You hit the dream sheep. You freeze the dream sheep.
The dream sheep is almost dead.
A cane toad comes into view.
You block the wyvern's attack. You block the dream sheep's attack.
You hit the dream sheep. You freeze the dream sheep.
You kill the dream sheep!
You block the wyvern's attack.
You completely miss the wyvern. You block the wyvern's attack.
The wyvern completely misses you.
You hit the cane toad. You freeze the cane toad.
The cane toad is lightly wounded.
You block the cane toad's attack. The wyvern completely misses you.
You barely miss the wyvern.
The cane toad stings you but does no damage.
You block the wyvern's attack.
You barely miss the wyvern. The wyvern barely misses you.
The cane toad stings you.
* * * LOW HITPOINT WARNING * * *
The dream sheep ruffles its wool and motes of dream dust sparkle, to no effect.
You slash the wyvern! You freeze the wyvern.
The wyvern is severely wounded.
You block the wyvern's attack. The cane toad misses you.
The wyvern closely misses you.
You slash the wyvern! You freeze the wyvern.
You kill the wyvern!
The cane toad stings you!
* * * LOW HITPOINT WARNING * * *
The cane toad stings you but does no damage.
As you read the scroll of teleportation, it crumbles to dust.
You feel strangely unstable.
The cane toad stings you but does no damage.
You block the cane toad's attack. The dream sheep bites you.
* * * LOW HITPOINT WARNING * * *
The dream sheep shake their wool and sparkle.
You feel drowsy...
You fall asleep.
The cane toad stings you!!!
You die...

,, , *,* , , ... l
,, , , ........ ...
.. , , ..,,.#.....
, .. ... , * ...
....., ,#. ...., ,
, #+.. #....
##.#..... ,
....##.#.###....#
,,,** ⌠ *
....##.⌠.##...#...
, ,,
..........†YY....#
, , .⌠.
.+..<.@#....#..., ,
* ..P..#...FF#...P#
,. , *
#....⌠.#........ ,,
*
.....#...##..##..#.
* #+.# #..P# .##
#.... , ,..
,*#..P.#.P*,,P.. ,
, , ,. , ,...?....,
.. ,, * ,
.#........ , , , *,
#.#....... ,, ,


You could see 2 cane toads and 2 dream sheep.

Vanquished Creatures
  A minotaur (Gauntlet)
  Harold (Lair:2)
  2 two-headed ogres
  Pikel (D:5)
  5 elephants (Lair:4)
  A black mamba (Lair:4)
  A cane toad (Lair:1)
  Maggie (D:6)
  A smoke demon (Gauntlet)
  4 rime drakes (Lair:4)
  An ice devil (Gauntlet)
  2 komodo dragons
  Grinder (D:4)
  4 blink frogs (Lair:4)
  6 dream sheep
  6 shadows (Gauntlet)
  4 spriggans (Bailey)
  2 wyverns (Lair:5)
  A basilisk (Lair:4)
  3 steam dragons
  5 yaks (Lair:5)
  Menkaure (D:6)
  5 water moccasins
  Duvessa (D:4)
  4 nagas (Lair:3)
  A black bear (D:7)
  An ice beast (D:7)
  An orc warrior (D:6)
  A sky beast (D:7)
  6 wolves (Lair:2)
  7 ogres
  3 centaurs
  A phantom (D:5)
  2 kobold brigands
  6 bullfrogs
  3 scorpions
  10 wights
  Dowan (D:4)
  5 killer bees
  3 crimson imps (Gauntlet)
  3 hounds
  7 jellies (Lair:4)
  2 gnoll boudas (D:7)
  2 sleepcaps (D:5)
  Terence (D:2)
  2 iguanas
  7 orc wizards
  8 mummies (Ossuary)
  11 gnolls
  4 adders
  3 white imps (Gauntlet)
  2 worms
  2 dart slugs
  20 orcs
  5 ball pythons
  7 endoplasms
  3 giant cockroaches (D:1)
  A gnoll zombie (Ossuary)
  13 goblins
  4 hobgoblins
  6 jackals
  A quokka (D:4)
  4 bats
  4 frilled lizards
  8 kobolds
  2 kobold zombies (Ossuary)
  5 orc zombies (Ossuary)
  5 rats
257 creatures vanquished.

Vanquished Creatures (others)
  16 demonic plants (Gauntlet)
  9 fungi
  13 plants
38 creatures vanquished.

Grand Total: 295 creatures vanquished

Notes
Turn   | Place    | Note
-------+----------+-------------------------------------------
     0 | D:1      | lunkers the Meteoran Fighter began the quest for the Orb.
     0 | D:1      | Reached XP level 1. HP: 19/19 MP: 2/2
    75 | D:1      | Reached XP level 2. HP: 25/26 MP: 3/3
   157 | D:1      | Reached XP level 3. HP: 31/31 MP: 4/4
   177 | D:1      | Reached skill level 1 in Short Blades
   322 | D:2      | Noticed Terence
   335 | D:2      | Killed Terence
   336 | D:2      | Reached XP level 4. HP: 33/38 MP: 5/5
   395 | D:2      | Identified the staff of death "Natrec" {rF- rN+ MP+9 SInv}
   798 | D:3      | Reached XP level 5. HP: 38/45 MP: 6/6
  1222 | D:4      | Reached skill level 5 in Short Blades
  1222 | D:4      | Reached XP level 6. HP: 22/51 MP: 7/7
  1310 | D:4      | Found Qamoyfi's Antique Armour Shoppe.
  1394 | D:4      | Found a glowing golden altar of the Shining One.
  1433 | D:4      | Noticed Grinder
  1447 | D:4      | Became a worshipper of the Shining One
  1462 | D:4      | Paralysed by Grinder for 2 turns
  1494 | D:4      | Killed Grinder
  1495 | D:4      | Reached XP level 7. HP: 18/57 MP: 8/8
  1526 | D:4      | Found Udacaen's General Store.
  1612 | D:4      | Noticed Duvessa
  1612 | D:4      | Noticed Dowan
  1640 | D:4      | Killed Duvessa
  1662 | D:4      | Reached XP level 8. HP: 31/63 MP: 9/9
  1673 | D:4      | Killed Dowan
  1691 | D:4      | Reached skill level 1 in Invocations
  1735 | D:4      | Reached skill level 1 in Dodging
  1902 | D:5      | Entered Level 5 of the Dungeon
  2136 | D:5      | Gained mutation: You passively map the area around you.
                  | [Meteoran growth]
  2136 | D:5      | Reached XP level 9. HP: 69/71 MP: 11/11
  2180 | D:5      | Noticed Pikel
  2271 | D:5      | Killed Pikel
  2272 | D:5      | Reached skill level 5 in Armour
  2500 | D:6      | Reached skill level 5 in Fighting
  2536 | D:6      | Noticed Maggie
  2671 | D:6      | Killed Maggie
  2672 | D:6      | Reached skill level 5 in Invocations
  2672 | D:6      | Reached XP level 10. HP: 30/81 MP: 14/14
  2906 | D:6      | Noticed Menkaure
  2909 | D:6      | Killed Menkaure
  2909 | D:6      | Reached * piety under the Shining One
  2964 | D:6      | Found a sand-covered staircase.
  2972 | Ossuary  | Entered an ossuary
  3019 | Ossuary  | Reached ** piety under the Shining One
  3023 | Ossuary  | Reached skill level 5 in Dodging
  3479 | D:7      | Reached skill level 5 in Long Blades
  3691 | D:7      | Found a glowing silver altar of Zin.
  3992 | D:8      | Found a flagged portal.
  4023 | Bailey   | Entered a bailey
  4071 | Bailey   | Reached *** piety under the Shining One
  4078 | Bailey   | Reached XP level 11. HP: 91/91 MP: 17/17
  4155 | Bailey   | Noticed a two-headed ogre
  4170 | Bailey   | Killed a two-headed ogre
  4279 | D:8      | Noticed a two-headed ogre
  4294 | D:8      | Killed a two-headed ogre
  4364 | D:8      | Found a staircase to the Lair.
  4387 | Lair:1   | Entered Level 1 of the Lair of Beasts
  4661 | Lair:2   | Found a staircase to the Shoals.
  4933 | Lair:2   | Noticed Harold
  4945 | Lair:2   | Killed Harold
  5051 | Lair:3   | Noticed a skyshark
  5069 | Lair:3   | Reached XP level 12. HP: 54/101 MP: 19/19
  5085 | Lair:3   | Found a staircase to the Snake Pit.
  5248 | Lair:4   | Reached skill level 10 in Long Blades
  5335 | Lair:4   | Found a gate leading to a gauntlet.
  5404 | Gauntlet | Entered a Gauntlet
  5404 | Gauntlet | Found a transporter.
  5411 | Gauntlet | Reached **** piety under the Shining One
  5414 | Gauntlet | Found a transporter.
  5428 | Gauntlet | Found a transporter.
  5434 | Gauntlet | Found a transporter.
  5435 | Gauntlet | Noticed a great orb of eyes
  5449 | Gauntlet | Found a transporter.
  5468 | Gauntlet | Found a transporter.
  5480 | Gauntlet | Found a transporter.
  5481 | Gauntlet | Noticed a dire elephant
  5492 | Gauntlet | Found a transporter.
  5504 | Gauntlet | Found a transporter.
  5506 | Gauntlet | Noticed a catoblepas
  5512 | Gauntlet | Found a large runed translucent door.
  5513 | Gauntlet | Found a large runed translucent door.
  5514 | Gauntlet | Found a large runed translucent door.
  5514 | Gauntlet | Found a large runed translucent door.
  5515 | Gauntlet | Found a runed translucent gate.
  5516 | Gauntlet | Found a transporter.
  5516 | Gauntlet | Found a runed translucent gate.
  5516 | Gauntlet | Noticed an obsidian statue
  5517 | Gauntlet | Found a runed translucent gate.
  5518 | Gauntlet | Found a large runed translucent door.
  5518 | Gauntlet | Found a large runed translucent door.
  5519 | Gauntlet | Found a large runed translucent door.
  5520 | Gauntlet | Found a large runed translucent door.
  5530 | Gauntlet | Found a large runed translucent door.
  5530 | Gauntlet | Found a large runed translucent door.
  5530 | Gauntlet | Found a runed translucent door.
  5530 | Gauntlet | Found a runed translucent door.
  5531 | Gauntlet | Found a large runed translucent door.
  5532 | Gauntlet | Found a large runed translucent door.
  5534 | Gauntlet | Found a transporter.
  5541 | Gauntlet | Found a large runed translucent door.
  5541 | Gauntlet | Found a large runed translucent door.
  5542 | Gauntlet | Found a large runed translucent door.
  5543 | Gauntlet | Found a large runed translucent door.
  5551 | Gauntlet | Found a transporter.
  5554 | Gauntlet | Found a transporter.
  5584 | Gauntlet | Found a transporter.
  5599 | Gauntlet | Found a transporter.
  5599 | Gauntlet | Found a transporter.
  5605 | Gauntlet | Found a transporter.
  5607 | Gauntlet | Identified the amulet of the Hero {Faith Will+ Dex+3}
  5616 | Gauntlet | Found a transporter.
  5686 | Gauntlet | Reached skill level 10 in Armour
  5701 | Gauntlet | Reached skill level 10 in Invocations
  5772 | Gauntlet | Noticed a minotaur
  5788 | Gauntlet | Killed a minotaur
  5789 | Gauntlet | Reached XP level 13. HP: 55/111 MP: 19/21
  5843 | Lair:5   | Entered Level 5 of the Lair of Beasts
  5894 | Lair:5   | The Shining One protects you from harm!
  5909 | Lair:5   | Annihilated by a cane toad

Illustrated notes

Levels and vault maps discovered:
D:1:      giann_bridges, layout_rooms, minmay_pentomino_w2
D:2:      layout_loops_ring, shapermc_ecumenical_altar_mp_vishouse, uniq_terence
D:3:      minmay_inner_zag, layout_basic, minmay_pentomino_pile
D:4:      layout_cave_pools, tso_metal_star, temple_hall, serial_shops,
          nicolae_shop_crystal, nicolae_shop_behind_doors, uniq_grinder,
          uniq_duvessa, uniq_natasha
D:5:      layout_rooms, minivault_26, uniq_pikel
D:6:      layout_loops_ring, nicolae_ossuary_entry_plus, uniq_menkaure,
          uniq_maggie
D:7:      layout_basic, mainiacjoe_overflow_brackets, kennysheep_another_room
D:8:      layout_basic, dpeg_oklobed_lair, enter_bailey_3,
          kennysheep_small_square
Lair:1:   layout_cave_pods, gammafunk_ghost_abyssal_escape,
          grunt_forest_small_clearing_treed
Lair:2:   layout_cave_pods, shoals_dummy_entry, uniq_harold
Lair:3:   layout_chaotic_city, guppyfry_snake_entry_island, uniq_kirke
Lair:4:   layout_long_grid, minmay_slime_entry_jelly_boxes,
          gauntlet_entry_generic, bobbens_dragon_lair_wall
Lair:5:   grunt_lair_end_beastmaster, layout_regular_city, grunt_megastairs_1,
          uniq_nessos

Skill      XL: |  1  2  3  4  5  6  7  8  9 10 11 12 |
---------------+-------------------------------------+-----
Long Blades    | 3 6 9 10 | 10.0
Short Blades   | 2 3 5 7 8 9 |  9.7
Invocations    | 2 5 6 8 10 | 10.7
Dodging        | 2 4 6 7 9 |  9.9
Armour         | 4 6 7 8 10 | 10.6
Fighting       | 4 5 6 7 9 |  9.7
Shields        | |  3.6

Action                     |  1- 3 |  4- 6 |  7- 9 | 10-12 | 13-15 || total
---------------------------+-------+-------+-------+-------+-------++-------
  Melee: Long sword        |    41 |       |       |   556 |    60 ||   657
         Dagger            |    86 |   355 |   603 |       |       ||  1044
  Throw: Dart              |       |       |     1 |       |       ||     1
 Invoke: Divine Shield     |       |       |       |     5 |     1 ||     6
    Use: Potion            |     1 |     1 |     1 |     1 |       ||     4
         Scroll            |       |     4 |     3 |    18 |     1 ||    26
 Armour: Scale mail        |    68 |   147 |   162 |       |       ||   377
         Swamp dragon scal |       |       |       |    75 |       ||    75
         Fire dragon scale |       |       |       |   133 |    17 ||   150
  Dodge: Dodged            |    36 |    84 |   202 |   425 |    29 ||   776
  Block: Buckler           |    25 |    43 |    92 |   223 |    32 ||   415

Table legend: (Time is in decaauts)
 A = Elapsed time spent in this place.
 B = Non-inter-level travel time spent in this place.
 C = Inter-level travel time spent in this place.
 D = Time resting spent in this place.
 E = Time spent auto-exploring this place.
 F = Levels seen in this place.
 G = Mean time per level.
                   A        B        C        D        E       F      G
               +--------+--------+--------+--------+--------+-----+--------+
         Total |   5545 |   5401 |    144 |      0 |   2509 |  16 |  346.6 |
       Dungeon |   3613 |   3545 |     68 |      0 |   1813 |   8 |  451.6 |
          Lair |   1098 |   1023 |     75 |      0 |    474 |   5 |  219.6 |
       Ossuary |    222 |    222 |      0 |      0 |    118 |   1 |  222.0 |
        Bailey |    232 |    232 |      0 |      0 |     63 |   1 |  232.0 |
      Gauntlet |    379 |    379 |      0 |      0 |     39 |   1 |  379.0 |
               +--------+--------+--------+--------+--------+-----+--------+

Top non-repeatable levels by time:
     D:6: 672 daAuts
     D:4: 608 daAuts
     D:7: 455 daAuts
  Lair:2: 432 daAuts
     D:2: 416 daAuts
     D:5: 415 daAuts
     D:3: 411 daAuts
Gauntlet: 379 daAuts
     D:1: 327 daAuts
     D:8: 306 daAuts
  Lair:4: 282 daAuts
  Bailey: 232 daAuts
 Ossuary: 222 daAuts
  Lair:1: 195 daAuts
  Lair:3: 131 daAuts
